 Dungeon Crawl Stone Soup version 0.28-a0-1447-ga5a8893891 (webtiles) character file.

Game seed: 2921643967390269713

91 bande the Shield-Bearer (level 4, -8/29 HPs)
             Began as a Gargoyle Fighter on Jan 11, 2022.
             Mangled by Duvessa (12 damage)
             ... on level 4 of the Dungeon.
             The game lasted 00:02:11 (1671 turns).

bande the Shield-Bearer (Gargoyle Fighter)          Turns: 1671, Time: 00:02:12

Health: -8/29      AC: 10    Str: 20    XL:     4   Next: 57%
Magic:  4/4        EV:  9    Int:  8    God:
Gold:   29         SH:  4    Dex: 11    Spells: 3/3 levels left

rFire   . . .      SeeInvis .   a - +0 war axe
rCold   . . .      Faith    .   c - +0 buckler
rNeg    + . .      Spirit   .   b - +0 scale mail
rPois   ∞          Reflect  .   (helmet restricted)
rElec   +          Harm     .   (no cloak)
rCorr   .          Rampage  .   (no gloves)
Will    .....                   (no boots)
Stlth   ..........              (no amulet)
HPRegen 0.09/turn               (no ring)
MPRegen 0.09/turn               (no ring)

@: mighty, flying
A: sickness immunity, AC +3, negative energy resistance 1, electricity
resistance, torment resistance 1, petrification resistance, big wings, horns 1,
talons 1
a: no special abilities


You were on level 4 of the Dungeon.
You visited 1 branch of the dungeon, and saw 3 of its levels.

You collected 29 gold pieces.

Inventory:

Hand Weapons
 a - a +0 war axe (weapon)
 e - a +0 broad axe
Armour
 b - a +0 scale mail (worn)
 c - a +0 buckler (worn)
Potions
 h - a potion of magic {unknown}
 i - a potion of flight {unknown}


   Skills:
 + Level 3.9 Fighting
 + Level 2.5 Axes
 + Level 4.0 Armour
 + Level 4.1 Shields


You had 3 spell levels left.
You didn't know any spells.
Your spell library was empty.

Dungeon Overview and Level Annotations

Branches:
Dungeon (2/15)

Altars:

Annotations:
D:4 Duvessa


Innate Abilities, Weirdness & Mutations

You are immune to sickness and miasma.
Your stone body is resilient. (AC +3)
You are immune to poison.
You resist negative energy. (rN+)
You are resistant to electric shocks. (rElec)
You are resistant to unholy torment.
You are immune to petrification.
Your large and strong wings let you fly.
You have a pair of small horns on your head.
You have sharp toenails.


Message History

Duvessa closely misses you.
You feel very mighty all of a sudden. You block Dowan's attack.
Duvessa hits you with a +0 short sword. Dowan hits you with a +0 dagger.
Duvessa closely misses you.
You barely miss Duvessa. You barely miss Dowan.
Dowan points at you and mumbles some strange words.
The puff of flame misses you. You block Duvessa's attack.
Dowan points at you and mumbles some strange words.
You resist with some effort.
Unknown command.
You barely miss Duvessa. You closely miss Dowan. Duvessa barely misses you.
Dowan hits you but does no damage. Duvessa hits you with a +0 short sword!
Unknown command.
You completely miss Duvessa. You claw Duvessa.
Duvessa is lightly wounded.
You barely miss Dowan.
Dowan says, "Magic and the sword, together, will defeat you."
Dowan hits you with a +0 dagger. Duvessa hits you with a +0 short sword.
You slash Duvessa! You headbutt Duvessa, but do no damage.
Duvessa is moderately wounded.
You miss Dowan. Dowan hits you but does no damage.
Duvessa says, "Where magic fails, the sword succeeds!"
Duvessa hits you with a +0 short sword. Dowan hits you but does no damage.
Unknown command.
You miss Dowan. You claw Dowan!
Dowan is severely wounded.
You barely miss Duvessa. Duvessa completely misses you.
Dowan barely misses you. You block Duvessa's attack.
You miss Dowan. You claw Dowan.
Dowan is severely wounded.
You hit Duvessa. Dowan hits you with a +0 dagger.
* * * LOW HITPOINT WARNING * * *
Duvessa hits you with a +0 short sword.
* * * LOW HITPOINT WARNING * * *
Dowan misses you.
You hit Dowan. You claw Dowan.
You kill Dowan!
Duvessa screams in rage.
Duvessa goes berserk!
You hit Duvessa. Duvessa hits you with a +0 short sword!
You die...

##.....## #..##### ..
## #......######...# #
.....#..........##
..##.##.........## .
##.#..........#
#.....###...#
#......##...###
#.#.....##....##
#..........@..$.#
............e).......
#.....................
........#...#.#.......
.........#...........
........##......#...
....... .......##..
............##.. #.


You could see Duvessa (berserk).

Vanquished Creatures
  A scorpion (D:4)
  Dowan (D:4)
  An adder (D:2)
  A dart slug (D:1)
  4 ball pythons
  2 giant cockroaches
  3 goblins
  2 hobgoblins
  3 kobolds (D:1)
  2 bats (D:1)
  A frilled lizard (D:2)
21 creatures vanquished.

Notes
Turn   | Place    | Note
-------+----------+-------------------------------------------
     0 | D:1      | bande the Gargoyle Fighter began the quest for the Orb.
     0 | D:1      | Reached XP level 1. HP: 14/14 MP: 1/1
   157 | D:1      | Reached XP level 2. HP: 15/19 MP: 2/2
   769 | D:2      | Reached XP level 3. HP: 17/23 MP: 3/3
   965 | D:2      | You fall into a shaft and drop 2 floors!
   997 | D:4      | Gained mutation: Your large and strong wings let you fly.
                  | [potion of mutation]
   997 | D:4      | Gained mutation: You have a pair of small horns on your
                  | head. [potion of mutation]
   997 | D:4      | Gained mutation: You have sharp toenails. [potion of
                  | mutation]
  1273 | D:4      | Noticed a scorpion
  1283 | D:4      | Killed a scorpion
  1284 | D:4      | Reached XP level 4. HP: 15/29 MP: 4/4
  1656 | D:4      | Noticed Duvessa
  1656 | D:4      | Noticed Dowan
  1671 | D:4      | Killed Dowan
  1671 | D:4      | Mangled by Duvessa

Illustrated notes

Levels and vault maps discovered:
D:1:      minmay_arrival_up_and_down, layout_basic, serial_bayou_pond_e
D:2:      layout_rooms, minmay_circled_x, uniq_crazy_yiuf_cottage
D:4:      layout_layer_cave, nicolae_qazlal_eye_of_the_storm,
          minmay_temple_entry_fiery, uniq_duvessa, uniq_menkaure

Skill      XL: |  1  2  3 |
---------------+----------+-----
Axes           | 2 |  2.5
Armour         | 4 |  4.0
Shields        | 4 |  4.1
Fighting       | |  3.9

Action                   |  1- 3 |  4- 6 || total
-------------------------+-------+-------++-------
Melee: War axe           |    64 |     8 ||    72
       Kick              |     1 |     4 ||     5
       Headbutt          |       |     1 ||     1
  Use: Scroll            |     3 |       ||     3
       Potion            |     1 |     1 ||     2
Armor: Scale mail        |    38 |     4 ||    42
Dodge: Dodged            |    42 |     7 ||    49
Block: Buckler           |    22 |     3 ||    25

Table legend: (Time is in decaauts)
 A = Elapsed time spent in this place.
 B = Non-inter-level travel time spent in this place.
 C = Inter-level travel time spent in this place.
 D = Time resting spent in this place.
 E = Time spent auto-exploring this place.
 F = Levels seen in this place.
 G = Mean time per level.
                   A        B        C        D        E       F      G
               +--------+--------+--------+--------+--------+-----+--------+
         Total |   1703 |   1651 |     52 |    736 |    701 |   3 |  567.7 |
       Dungeon |   1703 |   1651 |     52 |    736 |    701 |   3 |  567.7 |
               +--------+--------+--------+--------+--------+-----+--------+

Top non-repeatable levels by time:
     D:4: 714 daAuts
     D:1: 708 daAuts
     D:2: 280 daAuts
